cohdb
Replays
Latest Replays
All Replays
Popular Replays
Top Player Replays
Match Explorer
How It Works
Community
CoH3 Stats
Reddit
Sign in to upload your games and track your stats! →
Sign in with Steam
Match 27537629
Unlisted
Match 27537629
Overview
Messages
Build Orders
End
Construct Barracks
Selects Armored Battlegroup
Selects Veteran Crews
Riflemen Squad
Riflemen Squad
Riflemen Squad
Mechanized Support Center
Construct Weapon Support Center
Selects Fast Deploy
M16 Multiple Gun Motor Carriage
Friendly Mouse(Poxie)
neurotypical cattle
Sakabato
uCatchMyBullet
jhclover
Titsforsale
aldarth
saruman
0
0
Comments
sign in to comment!
No comments posted yet!